AoeStats
← ✪Lucho Jaraツ

Lombardia

510027639Analyzed
3v3 RM · 3d ago on Sep 29, 2026· 57m 3s· 6 players
Game mode
Random Map
Map size
Normal (6 player)
Population
200
Speed
Normal
Resources
Standard
Victory
Conquest
Starting age
Dark Age
Ending age
Imperial Age
RankedLock teamsTeams togetherTeam positionsShared explorationLock speedFull tech treeHidden civsTurbo modeCheats
Victory
Defeat
🇨🇱 Varangians · Chile
1172
+9
🇨🇱 Celts · Chile
1094
+12
🇨🇱 Lithuanians · Chile
809
+23
🇲🇽 Franks · Mexico
1031
-16
🇨🇴 Portuguese · Colombia
996
-15
🇦🇷 Maya · Argentina
956
-13
regulus1140
2:34 Loom
9:56 Feudal Age
17:05 Castle Age
16:08 Scale Barding Armor
23:58 Forging
26:55 Wheelbarrow
26:06 Town Watch
33:48 Imperial Age
31:59 Chain Barding Armor
33:44 Hand Cart
35:47 Fletching
36:18 Husbandry
36:31 Cavalier
37:25 Gold Mining
37:27 Stone Mining
39:47 Plate Barding Armor
39:48 Iron Casting
41:05 Gold Shaft Mining
41:26 Double-Bit Axe
41:45 Paladin
46:44 Blast Furnace
45:40 Bodkin Arrow
47:11 Conscription
51:32 Chivalry
Chelo Salas
10:50 Feudal Age
11:45 Loom
15:43 Castle Age
14:06 Double-Bit Axe
27:23 Imperial Age
26:09 Fletching
28:13 Wheelbarrow
27:23 Town Watch
27:35 Town Watch
31:14 Bodkin Arrow
32:57 Ballistics
35:48 Conscription
38:04 Padded Archer Armor
38:49 Bracer
40:34 Hand Cart
41:07 Leather Archer Armor
42:22 Ring Archer Armor
46:09 Bow Saw
45:40 Elite Plumed Archer
46:22 Gold Mining
Tutmosis
11:26 Feudal Age
12:32 Double-Bit Axe
15:35 Castle Age
13:33 Stone Mining
13:50 Horse Collar
15:48 Wheelbarrow
26:40 Bow Saw
37:26 Gold Mining
40:09 Heavy Plow
47:41 Imperial Age
46:07 Hand Cart
46:15 Town Watch
48:08 Town Patrol
49:52 Conscription
49:35 Arquebus
51:21 Elite Organ Gun
54:34 Chemistry
53:55 Ballistics
53:47 Masonry
53:17 Treadmill Crane
53:33 Murder Holes
56:17 Two-Man Saw
✪Lucho Jaraツ
4:52 Loom
11:20 Feudal Age
12:32 Double-Bit Axe
15:00 Castle Age
13:45 Horse Collar
15:57 Bow Saw
18:01 Fletching
18:54 Heavy Plow
20:09 Forging
21:03 Scale Barding Armor
25:50 Bloodlines
26:58 Chain Barding Armor
27:42 Wheelbarrow
29:37 Hand Cart
34:03 Imperial Age
32:14 Husbandry
33:40 Iron Casting
33:16 Gold Mining
33:16 Stone Mining
33:27 Fletching
33:37 Vendel Legacy
35:16 Conscription
34:40 Elite Jarl
36:06 Stone Shaft Mining
37:35 Blast Furnace
37:11 Plate Barding Armor
37:23 Town Watch
38:30 Crop Rotation
39:03 Two-Man Saw
39:45 Town Patrol
40:38 Bodkin Arrow
42:47 Bracer
42:47 Padded Archer Armor
42:14 Heavy Mounted Crossbowman
42:15 Cranequins
45:47 Chemistry
45:08 Ballistics
45:08 Leather Archer Armor
45:37 Siege Engineers
45:42 Masonry
47:27 Ring Archer Armor
h33posk
7:24 Loom
9:32 Feudal Age
10:02 Double-Bit Axe
10:16 Horse Collar
12:50 Man-at-Arms
15:09 Scale Mail Armor
21:55 Castle Age
22:13 Forging
22:18 Arson
23:35 Bow Saw
23:55 Pikeman
25:41 Chain Mail Armor
25:27 Long Swordsman
26:30 Gambesons
26:49 Stone Mining
26:50 Gold Mining
30:45 Wheelbarrow
29:56 Town Watch
30:16 Heavy Plow
32:26 Hand Cart
32:11 Town Patrol
35:01 Gold Shaft Mining
35:02 Stone Shaft Mining
35:18 Fletching
38:26 Imperial Age
36:47 Bodkin Arrow
37:16 Ballistics
37:06 Masonry
36:53 Murder Holes
36:56 Stronghold
39:29 Iron Casting
40:14 Conscription
40:30 Hoardings
40:59 Chemistry
40:51 Heavy Scorpion
42:14 Plate Mail Armor
42:45 Blast Furnace
42:17 Elite Woad Raider
43:06 Halberdier
45:18 Furor Celtica
45:51 Two-Handed Swordsman
56:04 Blast Furnace
56:36 Champion
Murduk1312
7:56 Loom
10:55 Feudal Age
16:46 Castle Age
14:58 Horse Collar
17:40 Heavy Plow
18:34 Double-Bit Axe
22:22 Bloodlines
25:50 Husbandry
26:04 Fervor
28:39 Scale Barding Armor
28:44 Forging
28:57 Redemption
35:01 Imperial Age
34:39 Chain Barding Armor
34:54 Iron Casting
35:46 Capped Ram
37:48 Cavalier
42:17 Gold Mining
43:52 Theocracy
43:33 Block Printing
43:40 Sanctity
44:37 Paladin
45:58 Iron Casting
48:42 Plate Barding Armor
49:14 Chemistry
48:34 Ballistics
Connection lost

Rejoining the realm…

Still unreachable

The connection could not be restored.

Session expired

The server has moved on; the page needs a fresh start.